 Dungeon Sprint DCSS version 0.30-a0-269-gf0224bf7b6 (webtiles) character file.

Game seed: 10704127657183425434

448 Low2 the Cruncher (level 7, -24/78 HPs)
             Began as an Ogre Gladiator on Oct 14, 2022.
             Was an Initiate of Okawaru.
             Succumbed to Sonja's poison
             ... in the Dungeon (Sprint I: "Red Sonja").
             The game lasted 00:06:15 (263 turns).

Low2 the Cruncher (Ogre Gladiator)                   Turns: 263, Time: 00:06:16

Health: -24/78     AC:  3    Str: 21    XL:     7   Next: 4%
Magic:  7/7        EV: 12    Int:  9    God:    Okawaru [......]
Gold:   297        SH:  0    Dex: 10    Spells: 6/6 levels left

rFire   . . .      SeeInvis .    d - +3 scythe
rCold   . . .      Faith    .    (shield currently unavailable)
rNeg    . . .      Spirit   .    b - +0 robe
rPois   .          Reflect  .    c - +0 hat
rElec   .          Harm     .    (no cloak)
rCorr   .          Rampage  .    (gloves unavailable)
Will    .....      NoTele   +    (boots unavailable)
Stlth   ++........               (no amulet)
HPRegen 0.33/turn                (no ring)
MPRegen 0.10/turn                (no ring)

@: lethally poisoned (-24 -> -106), hasted and slowed
A: large, unfitting armour, tough skin 1
a: Renounce Religion


You were in the Dungeon.
You worshipped Okawaru.
Okawaru was noncommittal.
You visited 1 branch You collected 297 gold pieces.

Inventory:

Hand Weapons
 a - a +0 quarterstaff
 d - a +3 scythe (weapon)
Armour
 b - a +0 robe (worn)
 c - a +0 hat (worn)
 f - a +0 robe
Wands
 l - a wand of flame (5)
Potions
 i - 2 potions of magic
 j - a potion of berserk rage


   Skills:
 + Level 7.4 Fighting
 + Level 1.5(6.0) Polearms
 + Level 9.3(9.4) Staves
 + Level 5.3 Throwing
 + Level 8.2 Dodging
 + Level 1.6 Stealth
 + Level 0.5 Evocations


You had 6 spell levels left.
You didn't know any spells.
Your spell library was empty.

Dungeon Overview and Level Annotations

Branches:
Dungeon (1/1)

Altars:
Cheibriados
Dithmenos
Elyvilon
Fedhas
Gozag
Hepliaklqana
Kikubaaqudgha
Nemelex Xobeh
Okawaru
Qazlal
Ru
Sif Muna
Trog
Uskayaw
Vehumet
Wu Jian
Yredelemnul
Zin
The Shining One

Shops:
D *

Annotations:
D Sonja


Innate Abilities, Weirdness & Mutations

You are too large for most types of armour.
You have tough skin. (AC +1)


Message History

You feel sick. Sonja closely misses you. x2
Sonja hits you with a +0 dagger of venom.
You are more poisoned.
Throw: large rock
Press: ? - help, Q - select action, (/) - cycle Shift-Dir - straight line, f/p - Sonja
Aim: Sonja, wielding a +0 dagger of venom and quivering curare-tipped darts (13% to hit)
You throw a large rock. The large rock hits Sonja!
Sonja is heavily wounded.
You feel extremely sick.
Sonja hits you with a +0 dagger of venom.
* * * LOW HITPOINT WARNING * * *
You are more poisoned.
Sonja hits you with a +0 dagger of venom.
* * * LOW HITPOINT WARNING * * *
Sonja hits you with a +0 dagger of venom.
* * * LOW HITPOINT WARNING * * *
You are more poisoned.
Sonja barely misses you.
Sonja hits you with a +0 dagger of venom.
* * * LOW HITPOINT WARNING * * *
Sonja hits you with a +0 dagger of venom.
* * * LOW HITPOINT WARNING * * *
You are more poisoned.
Sonja hits you with a +0 dagger of venom.
* * * LOW HITPOINT WARNING * * *
You are more poisoned.
Sonja hits you with a +0 dagger of venom.
* * * LOW HITPOINT WARNING * * *
You are more poisoned.
Sonja completely misses you.
Sonja hits you with a +0 dagger of venom.
* * * LOW HITPOINT WARNING * * *
You are more poisoned.
Sonja hits you with a +0 dagger of venom.
* * * LOW HITPOINT WARNING * * *
You are more poisoned.
Sonja hits you with a +0 dagger of venom.
* * * LOW HITPOINT WARNING * * *
You feel yourself speed up.
You die...

################******
#<.#..)..#.†'..#__*,,+
#..').#..'..#..+,,+,,*
#..#####'#####'#__****
#..####..#...#.#***,,*
#..#__####..##.#~~~,,*
#..#_____##'#_.+~~~,,+
#⌠⌠#_@K...'..._#~~~,,*
####_..__##_.#+#*+****
*,,#_____###'#,*,,,,**
***#######*#.#***+***,
*∩,,,,,,,,+$§$+,,,,,+,
***++++****$.$********
*,,,,,,,**##.##*,,,,,,
*,,,,,,,,*,#+#,*,,,,,,
*,,*,,,,,*,,,,,*+++***


You could see Sonja.

Vanquished Creatures
  Sigmund (D)
  A yak (D)
  An ogre (D)
  A jelly (D)
  Ijyb (D)
5 creatures vanquished.

Notes
Turn   | Place    | Note
-------+----------+-------------------------------------------
     0 | D        | Low2 the Ogre Gladiator began the quest for the Orb.
     0 | D        | Reached XP level 1. HP: 22/22 MP: 1/1
     2 | D        | Noticed Ijyb
    11 | D        | Killed Ijyb
    12 | D        | Reached skill level 4 in Staves
    12 | D        | Reached XP level 2. HP: 29/32 MP: 2/2
    12 | D        | Reached XP level 3. HP: 35/39 MP: 3/3
    27 | D        | Noticed an ogre
    37 | D        | Killed an ogre
    38 | D        | Reached skill level 5 in Fighting
    38 | D        | Reached skill level 6 in Staves
    38 | D        | Reached skill level 5 in Dodging
    38 | D        | Reached XP level 4. HP: 19/50 MP: 4/4
   162 | D        | Noticed Sigmund
   175 | D        | Killed Sigmund
   176 | D        | Reached skill level 8 in Staves
   176 | D        | Reached skill level 1 in Stealth
   176 | D        | Reached XP level 5. HP: 55/61 MP: 5/5
   176 | D        | Reached XP level 6. HP: 61/68 MP: 6/6
   192 | D        | Found an ornate altar of the Wu Jian Council.
   192 | D        | Found a shimmering blue altar of Sif Muna.
   194 | D        | Found a radiant altar of Vehumet.
   207 | D        | Found Vykhla's Assorted Antiques.
   207 | D        | Found an ancient bone altar of Kikubaaqudgha.
   207 | D        | Found a hazy altar of Hepliaklqana.
   207 | D        | Found a stormy altar of Qazlal.
   207 | D        | Found a hide-covered altar of Uskayaw.
   207 | D        | Found a blossoming altar of Fedhas.
   207 | D        | Found a bloodstained altar of Trog.
   207 | D        | Found an iron altar of Okawaru.
   207 | D        | Found a basalt altar of Yredelemnul.
   207 | D        | Found a glowing golden altar of the Shining One.
   207 | D        | Found a snail-covered altar of Cheibriados.
   207 | D        | Found a sacrificial altar of Ru.
   207 | D        | Found a glowing silver altar of Zin.
   207 | D        | Found a shadowy altar of Dithmenos.
   207 | D        | Found a white marble altar of Elyvilon.
   207 | D        | Noticed a yak
   215 | D        | Killed a yak
   216 | D        | Reached skill level 1 in Polearms
   216 | D        | Reached skill level 9 in Staves
   216 | D        | Reached skill level 5 in Throwing
   216 | D        | Reached XP level 7. HP: 33/78 MP: 7/7
   216 | D        | Found an opulent altar of Gozag.
   217 | D        | Found a sparkling altar of Nemelex Xobeh.
   229 | D        | Became a worshipper of Warmaster Okawaru
   255 | D        | Noticed Sonja
   262 | D        | HP: 1/78 [Sonja/+0 dagger of venom (3)]
   263 | D        | Succumbed to Sonja's poison

Illustrated notes

Levels and vault maps discovered:
D:        dungeon_sprint_1 [red_sonja_temple_1, red_sonja_temple_small_1]

Skill      XL: |  1  2  3  4  5  6 |
---------------+-------------------+-----
Fighting       | 3 5 6 7 |  7.4
Staves         | 4 6 8 9 |  9.3
Dodging        | 4 5 7 8 |  8.2
Throwing       | 3 4 5 |  5.3
Stealth        | 1 |  1.6
Polearms       | 1 |  1.5
Evocations     | |  0.5

Action                   |  1- 3 |  4- 6 |  7- 9 || total
-------------------------+-------+-------+-------++-------
Melee: Quarterstaff      |    13 |     7 |       ||    20
       Halberd           |       |     5 |       ||     5
Throw: Throwing net      |     3 |     1 |       ||     4
       Large rock        |       |     2 |     1 ||     3
Evoke: Wand              |     1 |     3 |     2 ||     6
  Use: Potion            |     1 |     1 |     2 ||     4
       Scroll            |       |       |     2 ||     2
 Stab: Held in net/web   |     1 |       |       ||     1
Dodge: Dodged            |     1 |     6 |     4 ||    11

Table legend: (Time is in decaauts)
 A = Elapsed time spent in this place.
 B = Non-inter-level travel time spent in this place.
 C = Inter-level travel time spent in this place.
 D = Time resting spent in this place.
 E = Time spent auto-exploring this place.
 F = Levels seen in this place.
 G = Mean time per level.
                   A        B        C        D        E       F      G
               +--------+--------+--------+--------+--------+-----+--------+
         Total |    269 |    269 |      0 |    121 |      0 |   1 |  269.0 |
       Dungeon |    269 |    269 |      0 |    121 |      0 |   1 |  269.0 |
               +--------+--------+--------+--------+--------+-----+--------+

Top non-repeatable levels by time:
       D: 269 daAuts
